 Dungeon Crawl Stone Soup version 0.31-a0-459-gc8a9bf3d51 (webtiles) character file.

Game seed: 17042064382392863937

45652 MacCMillion the Brawler (level 14, 0/146 HPs)
             Began as a Troll Shapeshifter on Aug 4, 2023.
             Was a High Priest of Trog.
             Killed by divine providence
             ... invoked by an orc high priest
              (11 damage)
             ... on level 2 of the Orcish Mines.
             The game lasted 00:27:56 (17540 turns).

MacCMillion the Brawler (Troll Shapeshifter)       Turns: 17540, Time: 00:27:57

Health: 0/146      AC: 11    Str: 30    XL:     14   Next: 1%
Magic:  13/13      EV: 11    Int:  4    God:    Trog [*****.]
Gold:   1536       SH:  0    Dex: 10    Spells: 13/13 levels left

rFire   . .          .
                       - Unarmed
rCold   . . .        (no shield)
rNeg    . . .        I - +0 steam dragon scales
rPois   .            (helmet currently unavailable)
rElec   .            (cloak currently unavailable)
rCorr   .            (gloves unavailable)
SInv    .            (boots unavailable)
Will    ++...        L - amulet of the acrobat
Stlth   +            i - ring of willpower
HPRegen 1.24/turn    S - +4 ring of protection
MPRegen 0.13/turn

%: acrobat
@: beast-form
A: beast (slay +7), large, unfitting armour, claws 3, regeneration 1, shaggy fur
1, tough skin 1
a: Begin Untransformation, Renounce Religion, Berserk, Trog's Hand, Brothers in
Arms


You were on level 2 of the Orcish Mines.
You worshipped Trog.
Trog was extremely pleased with you.
You were a hulking beast.
You visited 3 branches of the dungeon, and saw 18 of its levels.
You also visited: Sewer and Ossuary.

You collected 1549 gold pieces.
You spent 13 gold pieces at shops.

Inventory:

Missiles
 j - 3 large rocks
 k - 18 poisoned darts (quivered)
 m - 14 boomerangs
 U - 4 atropa-tipped darts
 W - 2 javelins
Armour
 l - a +1 cloak
 I - +0 steam dragon scales (worn)
Jewellery
 i - a ring of willpower (left claw)
 L - an amulet of the acrobat (around neck)
 S - a +4 ring of protection (right claw)
Talismans
 c - a beast talisman (active)
Wands
 a - a wand of flame (33)
 x - a wand of acid (20)
 y - a wand of polymorph (9)
 C - a wand of iceblast (23)
 G - a wand of paralysis (4)
 N - a wand of mindburst (13)
 Q - a wand of digging (3)
Scrolls
 e - a scroll of vulnerability
 g - 4 scrolls of fog
 h - a scroll of enchant armour
 n - 6 scrolls of teleportation
 p - 2 scrolls of silence
 q - 4 scrolls of noise {unknown}
 w - 2 scrolls of fear
 A - 3 scrolls of enchant weapon {unknown}
 B - a scroll of summoning
 E - 3 scrolls of immolation {unknown}
 F - 2 scrolls of identify
 M - a scroll of blinking {unknown}
 P - 2 scrolls of revelation {unknown}
 T - a scroll of amnesia {unknown}
 V - a scroll of torment {unknown}
Potions
 b - 2 potions of lignification
 d - 4 potions of magic
 f - 7 potions of curing
 o - a potion of resistance
 r - 2 potions of brilliance
 s - 2 potions of invisibility
 t - 3 potions of haste
 u - 3 potions of might
 v - 4 potions of heal wounds
 z - a potion of attraction {unknown}
 D - 2 potions of enlightenment {unknown}
 H - 3 potions of cancellation {unknown}
 J - 2 potions of mutation {unknown}
 K - a potion of ambrosia {unknown}
 O - 2 potions of berserk rage {unknown}
 R - 2 potions of degeneration


   Skills:
 + Level 11.3 Fighting
 + Level 7.2 Dodging
 + Level 15.0 Unarmed Combat
 - Level 4.0 Evocations
 - Level 10.0 Shapeshifting


You had 13 spell levels left.
You didn't know any spells.
Your spell library contained the following spells:

 Spells                   Type           Power      Damage    Failure   Level
 Sting                    Tmut/Pois      0%         1d3       50%         1
 Petrify                  Tmut/Erth      0%         N/A       99%         4
 Alistair's Intoxication  Tmut/Pois      0%         N/A       100%        5


Dungeon Overview and Level Annotations

Branches:
Dungeon (11/15)            Temple (0/1) D:7            Lair (5/5) D:11
  Swamp (0/4) Lair:2        Snake (0/4) Lair:2        Slime (0/5) Lair:4
    Orc (2/2) D:11          Sewer (visited)         Ossuary (visited)
    Elf: Orc:2

Altars:
Cheibriados
Elyvilon
Fedhas
Gozag
Hepliaklqana
Makhleb
Nemelex Xobeh
Okawaru
Trog
Uskayaw
Vehumet
Yredelemnul
Zin
The Shining One
Jiyva

Shops:
D:1 [   Orc:1 :**   Orc:2 :

Annotations:
D:9 2 transporters, Beaer's ghost, journeyman DsFi


Innate Abilities, Weirdness & Mutations

You are a hulking beast.
Your limbs bulge with bestial killing power. (Slay +7)
You are too large for most types of armour.
You have claws for hands.
Your natural rate of healing is unusually fast.
You are covered in fur. (AC +1)
You have tough skin. (AC +1)


Message History

The orc priest invokes the aid of Beogh against you.
Beogh smites you!
The orc priest mumbles some strange prayers to Beogh against you.
Beogh smites you!
An orc comes into view. It is wielding a +0 trident.
You closely miss the orc.
The orc shouts!
You claw the orc!
You kill the orc!
Trog accepts your kill.
The orc priest hits you but does no damage.
You claw the orc!
You kill the orc!
Trog accepts your kill.
The soul eater draws from the surrounding life force!
Unknown command.
Things that are here:
a +0 falchion; an orc corpse The sixfirhy completely misses you. x2
The orc priest mumbles some strange prayers to Beogh against you.
Beogh smites you!
You see here a warg corpse.
The sixfirhy hits you. The sixfirhy shocks you! The sixfirhy misses you.
The sixfirhy misses you. The sixfirhy closely misses you.
The orc high priest mumbles some strange prayers.
You miss the sixfirhy. The sixfirhy misses you. The sixfirhy barely misses you.
The sixfirhy hits you. The sixfirhy shocks you!
You mangle the sixfirhy!!
The sixfirhy is severely wounded.
The sixfirhy hits you.
* * * LOW HITPOINT WARNING * * *
The sixfirhy shocks you!
* * * LOW HITPOINT WARNING * * *
The sixfirhy hits you!
* * * LOW HITPOINT WARNING * * *
The sixfirhy shocks you!
* * * LOW HITPOINT WARNING * * *
The orc high priest calls down the wrath of Beogh upon you.
Beogh smites you!
You die...

#o###.# #...... .....#
###...... o⌠.o# ..........
oo.## +###...... 3o. #......
#o# #..# #...... # #)# #..#
#......
##.###o#######..######......
........o3o3h................
............o................
......#.........#.#..........
.....#..........#............
.#....#.................#....
..........#.###........##....
........##### #........#.....
....... ##..#..........
....... ####..........


You could see 2 orc high priests, a sixfirhy (summoned), a smoke demon
(summoned) and 2 orc priests.

Vanquished Creatures
  An eleionoma (Lair:2)
  An ice dragon (Lair:4)
  A catoblepas (Lair:5)
  3 two-headed ogres
  A deep troll shaman (Lair:5)
  2 boulder beetles (D:11)
  3 death yaks (Lair:5)
  A skyshark (Lair:3)
  A fire crab (Lair:5)
  Lodul (D:10)
  A lindwurm (Lair:5)
  Pikel (D:6)
  2 black mambas
  A gargoyle (D:9)
  10 elephants
  12 cane toads
  An unseen horror (D:10)
  5 komodo dragons
  2 rime drakes
  6 trolls
  6 polar bears
  A hornet (D:8)
  36 blink frogs
  A shadow (D:9)
  34 yaks
  2 wraiths (Ossuary)
  7 wyverns
  2 basilisks
  2 steam dragons
  4 vampire mosquitoes (D:9)
  6 wargs
  3 nagas (Lair:2)
  14 water moccasins
  2 ice beasts
  8 orc warriors
  10 ogres
  2 black bears
  3 centaurs
  21 wolves
  A lemure (D:6)
  A phantom (D:6)
  2 kobold brigands
  A gnoll sergeant (D:10)
  13 bullfrogs
  2 scorpions
  12 wights
  4 howler monkeys
  4 hounds
  3 jellies (D:6)
  8 orc priests
  11 orc wizards
  3 iguanas
  5 hell rats (Lair:4)
  2 mummies
  4 gnolls
  5 adders
  9 river rats (Sewer)
  4 white imps
  3 ufetubi
  3 adder zombies (Ossuary)
  A worm (D:3)
  4 dart slugs
  46 orcs
  14 ball pythons
  8 bats
  5 endoplasms
  4 giant cockroaches
  6 goblins
  6 hobgoblins
  3 frilled lizards
  4 hobgoblin zombies (Ossuary)
  20 kobolds
  2 orc skeletons (Ossuary)
  26 rats
469 creatures vanquished.

Vanquished Creatures (collateral kills)
  A hell rat (Lair:4)
1 creature vanquished.

Vanquished Creatures (others)
  A kobold (D:10)
1 creature vanquished.

Grand Total: 471 creatures vanquished

Notes
Turn   | Place    | Note
-------+----------+-------------------------------------------
     0 | D:1      | MacCMillion the Troll Shapeshifter began the quest for the
                  | Orb.
     0 | D:1      | Reached XP level 1. HP: 18/18 MP: 0/0
   108 | D:1      | Reached XP level 2. HP: 26/26 MP: 1/1
   222 | D:1      | Reached skill level 4 in Unarmed Combat
   226 | D:1      | Got the Essays on the Grounded Scorpion
   315 | D:1      | Reached XP level 3. HP: 32/32 MP: 2/2
   338 | D:1      | Found Xyniugh's Antique Armour Boutique.
  1538 | D:3      | Reached skill level 5 in Unarmed Combat
  1538 | D:3      | Reached XP level 4. HP: 29/40 MP: 3/3
  1615 | D:3      | Found a burning altar of Makhleb.
  1841 | D:3      | Found a snail-covered altar of Cheibriados.
  1916 | D:3      | Found a glowing silver altar of Zin.
  2353 | D:4      | Found a white marble altar of Elyvilon.
  2411 | D:4      | Reached XP level 5. HP: 46/46 MP: 4/4
  2485 | D:4      | Found a bloodstained altar of Trog.
  2504 | D:4      | Became a worshipper of Trog the Wrathful
  2518 | D:4      | Found a glowing drain.
  2527 | Sewer    | Entered a sewer
  2605 | Sewer    | Reached skill level 6 in Unarmed Combat
  2692 | Sewer    | Reached * piety under Trog
  2851 | Sewer    | Reached XP level 6. HP: 31/54 MP: 5/5
  3062 | Sewer    | Reached skill level 7 in Unarmed Combat
  3488 | D:4      | Found an opulent altar of Gozag.
  3809 | D:5      | Entered Level 5 of the Dungeon
  3850 | D:5      | Noticed a water moccasin
  3860 | D:5      | Killed a water moccasin
  3861 | D:5      | Reached skill level 8 in Unarmed Combat
  3863 | D:5      | Reached skill level 1 in Fighting
  3863 | D:5      | Reached XP level 7. HP: 36/62 MP: 6/6
  4547 | D:5      | HP: 4/84 [wight/+0 great sword (6)]
  4672 | D:6      | Reached XP level 8. HP: 32/74 MP: 7/7
  4787 | D:6      | Reached ** piety under Trog
  4953 | D:6      | Reached skill level 9 in Unarmed Combat
  5067 | D:6      | Found a hazy altar of Hepliaklqana.
  5116 | D:6      | Found a basalt altar of Yredelemnul.
  5116 | D:6      | Found a radiant altar of Vehumet.
  5116 | D:6      | Found a sparkling altar of Nemelex Xobeh.
  5117 | D:6      | Found an iron altar of Okawaru.
  5393 | D:6      | Reached skill level 5 in Shapeshifting
  5546 | D:6      | Noticed Pikel
  5567 | D:6      | Killed Pikel
  5568 | D:6      | Reached XP level 9. HP: 55/85 MP: 8/8
  5718 | D:6      | Noticed a two-headed ogre
  5750 | D:6      | Killed a two-headed ogre
  5751 | D:6      | Reached skill level 5 in Fighting
  5751 | D:6      | Reached skill level 10 in Unarmed Combat
  6300 | D:7      | You fall into a shaft and drop 1 floor!
  6423 | D:7      | Found a hide-covered altar of Uskayaw.
  6479 | D:7      | Found a sand-covered staircase.
  6486 | Ossuary  | Entered an ossuary
  7006 | D:7      | Reached XP level 10. HP: 82/98 MP: 9/9
  7042 | D:7      | Found a staircase to the Ecumenical Temple.
  7708 | D:8      | Paralysed by a hornet for 2 turns
  7916 | D:9      | Found a transporter.
  7918 | D:9      | Noticed Beaer's ghost (journeyman DsFi)
  7939 | D:9      | Found a transporter.
  8002 | D:9      | Reached skill level 11 in Unarmed Combat
  8015 | D:9      | Reached skill level 1 in Evocations
  8213 | D:9      | Noticed a gargoyle
  8222 | D:9      | Killed a gargoyle
  8657 | D:10     | Entered Level 10 of the Dungeon
  8657 | D:10     | Found a glowing golden altar of the Shining One.
  8808 | D:10     | Noticed Lodul
  8990 | D:10     | Identified the +6 quarterstaff of the Spectre {heavy,
                  | *Corrode Will+ Dex+3}
  9001 | D:10     | Reached *** piety under Trog
  9223 | D:10     | Killed Lodul
  9470 | D:10     | Reached XP level 11. HP: 109/109 MP: 10/10
 10019 | D:11     | Noticed a boulder beetle
 10035 | D:11     | Killed a boulder beetle
 10081 | D:11     | Noticed a boulder beetle
 10089 | D:11     | Killed a boulder beetle
 10093 | D:11     | Reached skill level 12 in Unarmed Combat
 10156 | D:11     | Noticed a two-headed ogre
 10184 | D:11     | Killed a two-headed ogre
 10430 | D:11     | Found a staircase to the Lair.
 10619 | D:11     | Found a staircase to the Orcish Mines.
 10624 | D:11     | Noticed a two-headed ogre
 10652 | D:11     | Killed a two-headed ogre
 10787 | Lair:1   | Entered Level 1 of the Lair of Beasts
 10791 | Lair:1   | Reached **** piety under Trog
 11913 | Lair:2   | Reached XP level 12. HP: 122/122 MP: 11/11
 12086 | Lair:2   | Found a staircase to the Snake Pit.
 12113 | Lair:2   | Found a staircase to the Swamp.
 12113 | Lair:2   | Noticed an eleionoma
 12120 | Lair:2   | Killed an eleionoma
 12255 | Lair:2   | Reached skill level 13 in Unarmed Combat
 12480 | Lair:2   | Reached ***** piety under Trog
 12654 | Lair:2   | Found a blossoming altar of Fedhas.
 13551 | Lair:3   | Reached skill level 10 in Shapeshifting
 13706 | Lair:3   | Reached XP level 13. HP: 133/133 MP: 12/12
 13986 | Lair:3   | Reached skill level 10 in Fighting
 14391 | Lair:4   | Reached skill level 5 in Dodging
 14561 | Lair:4   | Found a viscous altar of Jiyva.
 14561 | Lair:4   | Found a staircase to the Slime Pits.
 14604 | Lair:4   | Reached skill level 14 in Unarmed Combat
 15382 | Lair:5   | Entered Level 5 of the Lair of Beasts
 16123 | Lair:5   | Received a gift from Trog
 16809 | Lair:5   | Identified the +8 scimitar of Regicide {pain, +Blink}
 16990 | Orc:1    | Entered Level 1 of the Orcish Mines
 17057 | Orc:1    | Reached skill level 15 in Unarmed Combat
 17065 | Orc:1    | Found Zeyngyan's Book Boutique.
 17186 | Orc:1    | Found Hiluerch's Specific Store.
 17193 | Orc:1    | Found Vunwoul's General Store.
 17206 | Orc:1    | Bought a potion of degeneration for 13 gold pieces
 17327 | Orc:2    | Entered Level 2 of the Orcish Mines
 17343 | Orc:2    | Reached XP level 14. HP: 121/146 MP: 13/13
 17402 | Orc:2    | Found Okules's Self-Improvement Boutique.
 17540 | Orc:2    | Killed from afar by an orc high priest

Illustrated notes

Levels and vault maps discovered:
D:1:      tarquinn_simple_flora_water_b, layout_loops_ring, serial_shops, shop,
          minmay_misc_feat_iff, palyth_stone_intersect, minmay_distorted
D:2:      layout_basic, roderic_serpentine_path, st_stairs_13, nicolae_titane
D:3:      layout_basic, lemuel_tele_altar, mainiacjoe_overflow_tiny_flanked,
          slow_altar_2
D:4:      layout_basic, trog_book, mainiacjoe_overflow_alcove_2,
          mainiacjoe_overflow_brackets, portal_sewer_entry_d
D:5:      layout_loops_ring
D:6:      layout_layer_cave, nicolae_hepliaklqana_hippocampus,
          gammafunk_temple_overflow_claw, nemelex_xobeh_ov_fountains_minmay,
          uniq_pikel
D:7:      layout_cave_pools, lemuel_doored_altar, temple_hall,
          gup_ossuary_entry_pyramid
D:8:      layout_rooms
D:9:      layout_loops_ring, gammafunk_ghost_stat_death
D:10:     layout_loops_ring, mainiacjoe_overflow_cross_hatched,
          minmay_misc_feat_four_crosses, uniq_lodul
D:11:     layout_loops_cross, erik_lair_orcish_takeover
Lair:1:   layout_hall_layers
Lair:2:   layout_small_grid, alex1729_swamp_entry_worm_eleionoma,
          guppyfry_snake_entry_garden, basic_altar
Lair:3:   layout_long_grid, cheibrodos_lair_lostbears, grunt_megastairs_3
Lair:4:   layout_roguey, dpeg_slime_entry_enclosed, minivault_25,
          bobbens_ice_dragon_lair
Lair:5:   grunt_lair_end_beastmaster, layout_gridlike, lemuel_fruit_fields,
          grunt_megastairs_5
Orc:1:    layout_caves, serial_shops, shop, nicolae_specific_store
Orc:2:    st_orc_town, layout_caves, nicolae_shop_self_help, uniq_donald

Skill      XL: |  1  2  3  4  5  6  7  8  9 10 11 12 13 |
---------------+----------------------------------------+-----
Unarmed Combat | 4 5 6 8 9 10 11 12 13 15 | 15.0
Fighting       | 1 2 4 6 7 8 9 11 | 11.3
Shapeshifting  | 4 5 6 7 9 10 | 10.0
Evocations     | 2 4 |  4.0
Dodging        | 4 7 |  7.2

Action                     |  1- 3 |  4- 6 |  7- 9 | 10-12 | 13-15 || total
---------------------------+-------+-------+-------+-------+-------++-------
  Melee: Unarmed           |    74 |   192 |   175 |   463 |   325 ||  1229
         Punch             |     1 |     6 |     9 |    36 |    35 ||    87
  Throw: Dart              |       |       |     6 |    26 |     1 ||    33
 Invoke: Berserk           |       |       |     1 |     4 |       ||     5
         Trog's Hand       |       |       |       |       |     2 ||     2
         Brothers in Arms  |       |       |       |       |     1 ||     1
  Evoke: Wand              |       |       |       |     1 |       ||     1
    Use: Potion            |       |       |     3 |       |       ||     3
         Scroll            |       |       |     5 |       |     8 ||    13
   Stab: Sleeping          |     4 |     3 |       |       |       ||     7
         Petrifying        |       |       |       |       |     1 ||     1
         Petrified         |       |       |       |       |     1 ||     1
 Armour: Animal skin       |    27 |    55 |    33 |    14 |       ||   129
         Skin              |       |       |     1 |       |       ||     1
         Steam dragon scal |       |       |       |    97 |    75 ||   172
  Dodge: Dodged            |    38 |    95 |    69 |   235 |   182 ||   619

Table legend: (Time is in decaauts)
 A = Elapsed time spent in this place.
 B = Non-inter-level travel time spent in this place.
 C = Inter-level travel time spent in this place.
 D = Time resting spent in this place.
 E = Time spent auto-exploring this place.
 F = Levels seen in this place.
 G = Mean time per level.
                   A        B        C        D        E       F      G
               +--------+--------+--------+--------+--------+-----+--------+
         Total |  17347 |  16693 |    654 |   3045 |  10140 |  20 |  867.3 |
       Dungeon |   9930 |   9481 |    449 |   1637 |   5918 |  11 |  902.7 |
          Lair |   5816 |   5629 |    187 |   1248 |   3315 |   5 | 1163.2 |
  Orcish Mines |    531 |    514 |     17 |      0 |    406 |   2 |  265.5 |
         Sewer |    813 |    813 |      0 |    160 |    340 |   1 |  813.0 |
       Ossuary |    256 |    256 |      0 |      0 |    161 |   1 |  256.0 |
               +--------+--------+--------+--------+--------+-----+--------+

Top non-repeatable levels by time:
     D:6: 1594 daAuts
  Lair:5: 1473 daAuts
  Lair:3: 1235 daAuts
  Lair:2: 1188 daAuts
    D:11: 1154 daAuts
     D:9: 1084 daAuts
  Lair:4: 1054 daAuts
    D:10: 909 daAuts
  Lair:1: 864 daAuts
     D:5: 838 daAuts
     D:3: 835 daAuts
     D:2: 832 daAuts
   Sewer: 813 daAuts
     D:8: 811 daAuts
     D:4: 667 daAuts
